 Dungeon Crawl Stone Soup version 0.19-a0-1790-g026f1ef (webtiles) character file.

741 Proteus the Covert (level 7, 0/33 HPs)
             Began as a Spriggan Assassin on Oct 4, 2016.
             Killed by divine providence
             ... invoked by an orc priest
              (16 damage)
             ... on level 4 of the Dungeon.
             The game lasted 00:11:47 (4957 turns).

Proteus the Covert (Spriggan Assassin)              Turns: 4957, Time: 00:11:47

Health: 0/33       AC:  6    Str:  7    XL:     7   Next: 47%
Magic:  8/8        EV: 17    Int: 13    God:
Gold:   196        SH:  0    Dex: 19    Spells: 0 memorised, 6 levels left

rFire  . . .     SeeInvis +     x - +4 dagger (flame)
rCold  . . .     Gourm    .     c - +0 robe
rNeg   . . .     Faith    .     (shield restricted)
rPois  .         Spirit   .     t - +2 hat
rElec  .         Dismiss  .     d - +1 cloak
rCorr  .         Reflect  .     (gloves unavailable)
MR     +....     Harm     .     (boots unavailable)
Stlth  ++++++++..               (no amulet)
                                (no ring)
                                n - ring of stealth

@: very quick
A: unfitting armour, see invisible, herbivore 3, speed 3, slow metabolism 2
a: no special abilities


You were on level 4 of the Dungeon.
You were not hungry.

You visited 1 branch of the dungeon, and saw 4 of its levels.

You collected 196 gold pieces.

Inventory:

Hand Weapons
 a - a +2 dagger
 b - a +1 blowgun
 m - a +1 falchion of holy wrath
 x - a +4 dagger of flaming (weapon)
Missiles
 e - 17 poisoned needles
Armour
 c - a +0 robe (worn)
 d - a +1 cloak (worn)
 t - a +2 hat (worn)
Jewellery
 n - a ring of stealth (left hand)
Wands
 f - a wand of slowing (18/48)
Scrolls
 h - 3 scrolls of remove curse
 k - a scroll of recharging
 r - 4 scrolls of teleportation
Potions
 i - a potion of cure mutation
 l - 3 potions of cancellation
 p - a potion of magic
 q - a potion of agility
 s - a potion of degeneration {unknown}
 v - a potion of invisibility {unknown}
Comestibles
 g - 2 bread rations
 j - 3 fruits


   Skills:
 - Level 1.5 Fighting
 - Level 2.1 Short Blades
 - Level 2.0 Throwing
 - Level 1.5 Dodging
 + Level 13.5 Stealth


You had 6 spell levels left.
You didn't know any spells.

Dungeon Overview and Level Annotations

Branches:
Dungeon (4/15)
 Temple: D:4-7

Altars:
The Shining One


Innate Abilities, Weirdness & Mutations

You are very small and have problems with some larger weapons.
You are too small for most types of armour.
You have supernaturally acute eyesight. (SInv)
You are a herbivore.
You cover ground extremely quickly.
You need consume almost no food.


Message History

The orc priest is heavily wounded.
The orc priest invokes the aid of Beogh against you.
Pain shoots through your body!
You hit the orc priest but do no damage.
The orc priest is heavily wounded.
The orc barely misses you. The orc priest hits you.
You closely miss the orc priest.
The orc priest is heavily wounded.
The orc barely misses you.
The orc priest invokes the aid of Beogh against you.
Pain shoots through your body!
You barely miss the orc priest.
The orc priest is heavily wounded.
The orc hits you.
You barely miss the orc priest.
The orc priest is heavily wounded.
The orc looks more healthy.
The orc priest calls down the wrath of Beogh upon you.
Beogh smites you!
You die...

########### #.........#
#.........############
#.......o@........##.#
#......)o.###........#####
#.........# ##....#.......
#####(#########..##...##..
#.# #...........##.. #.#
#.####.......... .o.
#...####... .o...
#..#####... .(o^...
.####..#......#


You could see an orc priest and an orc.

Vanquished Creatures
  Duvessa (D:4)
  An orc warrior (D:4)
  The ghost of Proteus the Covert, an amateur SpAs of Okawaru (D:3)
  A scorpion (D:4)
  Dowan (D:4)
  2 crimson imps (D:4)
  3 orc wizards
  Jessica (D:2)
  2 worker ants (D:4)
  3 adders
  An ooze (D:2)
  5 worms
  A leopard gecko (D:2)
  18 orcs
  11 bats
  2 giant cockroaches (D:2)
  8 hobgoblins
  3 jackals (D:3)
  6 kobolds
  A quokka (D:3)
  3 ball pythons
  6 frilled lizards
  7 goblins
  4 goblin zombies (D:4)
  A hobgoblin zombie (D:4)
  4 orc skeletons (D:4)
  An orc zombie (D:4)
  11 rats
109 creatures vanquished.

Notes
Turn   | Place    | Note
-------+----------+-------------------------------------------
     0 | D:1      | Proteus the Spriggan Assassin began the quest for the Orb.
     0 | D:1      | Reached XP level 1. HP: 10/10 MP: 2/2
    15 | D:1      | Reached skill level 6 in Stealth
   390 | D:1      | Reached XP level 2. HP: 14/14 MP: 3/3
   556 | D:1      | Reached skill level 7 in Stealth
  1088 | D:2      | Reached XP level 3. HP: 17/18 MP: 4/4
  1627 | D:2      | Reached skill level 8 in Stealth
  1973 | D:2      | Noticed Jessica
  1979 | D:2      | Killed Jessica
  1979 | D:2      | Reached XP level 4. HP: 22/22 MP: 5/5
  2551 | D:2      | Reached skill level 9 in Stealth
  2934 | D:3      | Noticed Proteus's ghost (amateur SpAs)
  2946 | D:3      | Killed Proteus's ghost
  2946 | D:3      | Reached skill level 10 in Stealth
  2946 | D:3      | Reached XP level 5. HP: 25/25 MP: 6/6
  3804 | D:4      | Reached skill level 11 in Stealth
  3804 | D:4      | Reached XP level 6. HP: 22/30 MP: 7/7
  3880 | D:4      | Noticed Duvessa
  3884 | D:4      | Noticed Dowan
  3907 | D:4      | Killed Duvessa
  4033 | D:4      | Killed Dowan
  4033 | D:4      | Reached skill level 12 in Stealth
  4253 | D:4      | Found a glowing golden altar of the Shining One.
  4279 | D:4      | Reached XP level 7. HP: 26/33 MP: 8/8
  4538 | D:4      | Reached skill level 13 in Stealth
  4957 | D:4      | Killed from afar by an orc priest

Vault maps used:
D:1:      tarquinn_simple_flora_water_e
D:2:      small_statue_intersection, uniq_jessica
D:3:      st_stairs_1, minmay_cut_off
D:4:      minmay_wonky_spiral, nicolae_tso_besieged_by_evil, first_bread,
          uniq_duvessa

Skill      XL: |  1  2  3  4  5  6  7 |
---------------+----------------------+-----
Stealth        | 6 7 8 10 11 12 13 | 13.5
Fighting       | |  1.5
Short Blades   | |  2.1
Throwing       | |  2.0
Dodging        | |  1.5

Action                   |  1- 3 |  4- 6 |  7- 9 || total
-------------------------+-------+-------+-------++-------
Melee: Dagger            |    96 |   167 |    46 ||   309
       Falchion          |       |    12 |       ||    12
 Fire: Blowgun           |       |    17 |     9 ||    26
  Use: Scroll            |       |    13 |       ||    13
       Potion            |       |     2 |     4 ||     6
 Stab: Sleeping          |    17 |    14 |     7 ||    38
       Distracted        |     1 |     5 |       ||     6
  Eat: Fruit             |       |     4 |       ||     4
Armor: Robe              |     7 |    39 |     2 ||    48
Dodge: Dodged            |    55 |   113 |    26 ||   194
       Rpst.: Falchion   |       |     3 |       ||     3
